 Dungeon Crawl Stone Soup version 0.22-a0-252-gcace5d2 (webtiles) character file.

63 4thArraOfDagon the Firebug (level 4, 0/27 HPs)
             Began as an Octopode Fire Elementalist on Mar 1, 2018.
             Slain by Jessica (4 damage)
             ... on level 2 of the Dungeon.
             The game lasted 00:08:38 (1287 turns).

4thArraOfDagon the Firebug (OpFE)                   Turns: 1287, Time: 00:08:39

Health: 0/27       AC:  1    Str:  7    XL:     4   Next: 10%
Magic:  4/7        EV: 13    Int: 18    God:
Gold:   56         SH:  0    Dex: 12    Spells: 3/7 levels left

rFire    . . .     SeeInvis .   h - +0 dagger (elec)
rCold    . . .     Gourm    .   (no shield)
rNeg     . . .     Faith    .   (helmet restricted)
rPois    .         Spirit   .   (no amulet)
rElec    .         Reflect  .   (no ring)
rCorr    .         Harm     .   (no ring)
MR       .....                  (no ring)
Stlth    +++.......             (no ring)
HPRegen  0.09/turn              (no ring)
MPRegen  0.10/turn              (no ring)
                                (no ring)
                                (no ring)

@: no status effects
A: almost no armour, stealthy swim, amphibious, 8 rings, constrict 8, camouflage
1, gelatinous body 1
a: no special abilities


You were on level 2 of the Dungeon.
You were hungry.

You visited 1 branch of the dungeon, and saw 2 of its levels.

You collected 56 gold pieces.

Inventory:

Hand Weapons
 a - a +0 whip
 h - a +0 dagger of electrocution (weapon)
Scrolls
 d - 2 scrolls of remove curse
 e - a scroll of fear {unknown}
 g - a scroll of magic mapping {unknown}
 i - a scroll of identify {unknown}
Potions
 c - a potion of heal wounds
 f - a potion of resistance {unknown}
Comestibles
 b - a ration
 j - 2 chunks of flesh


   Skills:
 - Level 2.0 Dodging
 - Level 2.6 Stealth
 + Level 2.4 Spellcasting
 * Level 2.5 Conjurations
 * Level 3.8 Fire Magic


You had 3 spell levels left.
You knew the following spells:

 Your Spells              Type           Power        Failure   Level  Hunger
a - Flame Tongue          Conj/Fire      ##...        4%          1    #......
b - Conjure Flame         Conj/Fire      ##......     14%         3    ###....


Dungeon Overview and Level Annotations

Branches:
Dungeon (2/15)

Altars:

Annotations:
D:2 Jessica


Innate Abilities, Weirdness & Mutations

You cannot wear most types of armour.
You are very stealthy in the water. (Stealth+)
You are amphibious.
You can wear up to eight rings at the same time.
You can use your tentacles to constrict eight enemies at once.
Your skin changes colour to match your surroundings (Stealth+).
Your rubbery body absorbs attacks. (AC +1, EV +1)


Message History

You are feeling hungry.
Jessica gestures wildly.
You hit Jessica but do no damage. You grab Jessica.
Jessica is moderately wounded.
You constrict Jessica, but do no damage.
Jessica hits you.
Unknown command.
Casting: Flame Tongue (safe; 4% risk of failure)
Confirm with . or Enter, or press ? or * to list all spells.
Aiming: Flame Tongue (safe; 4% risk of failure)
Press: ? - help, Shift-Dir - straight line, f/p - Jessica
Aim: Jessica, wearing a robe (moderately wounded, constricted by you, fast)
The flame tongue hits Jessica.
Jessica is heavily wounded.
You constrict Jessica. Jessica casts a spell at you.
Pain shoots through your body!
* * * LOW HITPOINT WARNING * * *
Jessica hits you.
You die...

##.#.##.##.####.#####..# ###
...#'##.##.#.†..# . h...
≈.....#.##.#.##.# .. ....#
≈≈....#.........##.####....#
#####......##.#....#.......#
≈## #..###......####.......#
#≈# #..# #.##.#...†'.@.....#
#≈# #..###......@###...#####
≈## ##..†.......@# #...# §
##########..# #...# ≈ ##.#
#...# § #.# ##### #
##########.# #....##....#
#####........###
#............#
#..#####.....#


You could see Jessica.

Vanquished Creatures
  An adder (D:2)
  An ooze (D:1)
  3 worms (D:2)
  3 dart slugs
  A leopard gecko (D:1)
  A giant cockroach (D:2)
  4 goblins (D:1)
  4 hobgoblins
  4 jackals (D:2)
  5 kobolds
  4 bats
  3 frilled lizards (D:1)
  A rat (D:2)
35 creatures vanquished.

Notes
Turn   | Place    | Note
-------+----------+-------------------------------------------
     0 | D:1      | 4thArraOfDagon the Octopode Fire Elementalist began the quest for the Orb.
     0 | D:1      | Reached XP level 1. HP: 11/11 MP: 3/3
   432 | D:1      | Reached XP level 2. HP: 14/17 MP: 0/5
   788 | D:1      | Reached XP level 3. HP: 21/21 MP: 0/6
   990 | D:2      | Learned a level 3 spell: Conjure Flame
  1186 | D:2      | Reached XP level 4. HP: 14/27 MP: 2/7
  1229 | D:2      | Found a faded altar of an unknown god.
  1267 | D:2      | Noticed Jessica
  1287 | D:2      | Slain by Jessica

Vault maps used:
D:1:      co_arrival_random_square_maze, minmay_large_rounded_square,
          minmay_misc_feat_room
D:2:      chequers_ecumenical_altar_lobes, eino_tiny_chamber,
          lemuel_another_geyser, uniq_jessica, uniq_natasha

Skill      XL: |  1  2  3 |
---------------+----------+-----
Conjurations   | 2 |  2.5
Dodging        | |  2.0
Stealth        | |  2.6
Spellcasting   | |  2.4
Fire Magic     | |  3.8

Action                   |  1- 3 |  4- 6 || total
-------------------------+-------+-------++-------
Melee: Dagger            |    13 |    13 ||    26
       Constrict         |     6 |     4 ||    10
       Whip              |     4 |       ||     4
       Tentacles         |     3 |     1 ||     4
 Cast: Flame Tongue      |    68 |     3 ||    71
  Use: Scroll            |     1 |       ||     1
       Potion            |       |     1 ||     1
 Stab: Sleeping          |     2 |       ||     2
  Eat: Chunk             |     2 |       ||     2
Armor: Skin              |     5 |       ||     5
Dodge: Dodged            |    17 |    11 ||    28

Table legend:
 A = Spawn XP
 B = Non-spawn XP
 C = Spawn XP percentage of total XP
 D = Spawn monster count
 E = Non-spawn monster count
 F = Spawn count percentage of total count
 G = Total turns spent on level
                    A         B        C        D         E        F      G
               +---------+---------+-------+---------+---------+-------+---------
         Total |       0 |      91 |   0.0 |       0 |      35 |   0.0 |  1287
               +---------+---------+-------+---------+---------+-------+---------
           D:1 |       0 |      43 |   0.0 |       0 |      21 |   0.0 |   966
           D:2 |       0 |      48 |   0.0 |       0 |      14 |   0.0 |   321
               +---------+---------+-------+---------+---------+-------+---------
